yeah yeah splat whatever, neutral male scurrid Tourist ------.-- |.......| |.?.....---- |..........| |......... |...d...- |..@....| --------- yeah yeah splat whatever the Rambler Experience level: 1 Strength: 15 Dexterity: 10 Constitution: 13 Intelligence: 14 Wisdom: 9 Charisma: 15 Health: 0(9) Energy: 2(2) Def: 0 Gold: 694 Moves: 96 Dungeon seed: AulVhT3knVEXlx7G Game ID: yeah yeah splat whatever_1528896515 Your Inventory: Coins $ - 694 gold pieces Weapons a - 45 uncursed +2 darts (in quiver) Armor e - an uncursed +0 Hawaiian shirt (being worn) Comestibles b - an uncursed tin of lichen c - 8 uncursed food rations d - an uncursed tin of spinach f - 2 uncursed tripe rations Scrolls h - 3 uncursed scrolls of magic mapping i - a blessed scroll of magic mapping p - an uncursed scroll of create monster Potions g - 2 uncursed potions of extra healing o - a potion of holy water r - an uncursed potion of booze Wands l - an uncursed wand of secret door detection (0:15) Tools j - an uncursed expensive camera (0:62) k - an uncursed credit card m - an uncursed oil lamp (0:1069) Spells and supernatural/magical abilities: Name Level Category Fail Memory W - pray for help -- divine ? -- Your skills at the end: Miscellaneous Skills wands [Basic] Weapon Skills dart [Basic] Spellcasting Skills Final Attributes: You were devoutly aligned. You had infravision. You were very stealthy. You are dead. Vanquished creatures: an orc zombie a lichen 2 creatures vanquished. Voluntary challenges: You went without food. You did not adorn yourself with jewelry or accessories. You did not cause conflict. You were not invisible. You did not have reflection. You were not displaced. You were an atheist. You never hit with a wielded weapon. You did not use containers. You did not apply a unicorn horn. You did not use plumbed fixtures. You did not drink any magical draughts. You were illiterate. You never genocided any monsters. You never polymorphed an object. You never changed form. You used no wishes. You never split a pudding. You never wrote Elbereth's name. You never violated your personal moral code. Dungeon overview: The Dungeons of Doom: levels 1 to 13 Level 1 a long staircase Level 2 Level 3 Level 4 Level 5 a fountain Level 6 Level 7 Level 8 Level 9 Level 10 Level 11 Level 12 Level 13 <- You were here History has recorded: On T:1 you entered the Dungeons of Doom to retrieve the Amulet of Yendor! On T:10 you reached level 2 of The Dungeons of Doom. On T:16 you reached level 3 of The Dungeons of Doom. On T:22 you reached level 4 of The Dungeons of Doom. On T:42 you reached level 5 of The Dungeons of Doom. On T:48 you reached level 6 of The Dungeons of Doom. On T:55 you reached level 7 of The Dungeons of Doom. On T:61 you reached level 8 of The Dungeons of Doom. On T:67 you reached level 9 of The Dungeons of Doom. On T:73 you reached level 10 of The Dungeons of Doom. On T:79 you reached level 11 of The Dungeons of Doom. On T:85 you reached level 12 of The Dungeons of Doom. On T:91 you reached level 13 of The Dungeons of Doom. Score breakdown: Gold: 7 ( 0 points) Experience: 1 level ( 0 points) Exploration: 13 levels ( 360 points) Discoveries: 3 items ( 150 points) Variety of kills: 2 monsters ( 100 points) Major goal: (nothing yet) ( 0 points) Survival: died (score multiplied by 3) Total score: 1830 Latest messages: You start digging downward. You continue digging downward. You dig a pit in the floor. You continue digging downward. (6x) You dig a hole through the floor. You fall through... You start digging downward. You continue digging downward. You dig a pit in the floor. You continue digging downward. (6x) You dig a hole through the floor. You fall through... You start digging downward. You continue digging downward. You dig a pit in the floor. You continue digging downward. (3x) The dingo bites! The dingo is blinded by the flash! The dingo bites! You die... Final status: Aloha yeah yeah splat whatever the Tourist, killed by a dingo... You died in The Dungeons of Doom on dungeon level 13 with 1830 points, and 694 pieces of gold, after 96 moves. You were level 1 with a maximum of 9 hit points when you died.